 Dungeon Crawl Stone Soup version 0.31-a0-183-g4352c244c2 (webtiles) character file.

Game seed: 1533249512758435165

40 Morbidden the Stinger (level 3, 0/27 HPs)
             Began as a Draconian Venom Mage on June 22, 2023.
             Slain by Crazy Yiuf
             ... wielding a +4 quarterstaff of chaos
              (9 damage)
             ... on level 2 of the Dungeon.
             The game lasted 00:01:55 (1623 turns).

Morbidden the Stinger (Draconian Venom Mage)        Turns: 1623, Time: 00:01:56

Health: 0/27       AC:  5    Str:  9 (10) XL:     3   Next: 30%
Magic:  1/6        EV: 11    Int: 14 (17) God:
Gold:   61         SH:  0    Dex:  8 (11) Spells: 3/6 levels left

rFire   . . .        (no weapon)
rCold   . . .        (no shield)
rNeg    . . .        (body armour unavailable)
rPois   .            (helmet restricted)
rElec   .            (no cloak)
rCorr   .            (no gloves)
SInv    .            (no boots)
Will    .....        (no amulet)
Stlth   +            (no ring)
HPRegen 0.24/turn    (no ring)
MPRegen 0.10/turn

%: no passive effects
@: very slightly contaminated, slowed, very slow
A: AC +5, unfitting armour, cold-blooded, antennae 1
a: no special abilities


You were on level 2 of the Dungeon.
You visited 1 branch of the dungeon, and saw 2 of its levels.

You collected 61 gold pieces.

Inventory:

Missiles
 e - 2 poisoned darts (quivered)
Scrolls
 c - a scroll of teleportation {unknown}
 g - a scroll of identify {unknown}
 h - a scroll of blinking {unknown}
Potions
 a - a potion of magic


   Skills:
 * Level 0.4 Fighting
 * Level 1.8 Dodging
 + Level 1.7 Stealth
 * Level 2.4 Spellcasting
 * Level 1.5 Transmutations
 * Level 0.4 Air Magic
 * Level 3.6 Poison Magic


You had 3 spell levels left.
You knew the following spells:

 Your Spells              Type           Power      Damage    Failure   Level
a - Sting                 Tmut/Pois      36%        1d4       8%          1
b - Poisonous Vapours     Pois/Air       14%        N/A       14%         2

Your spell library contained the following spells:

 Spells                   Type           Power      Damage    Failure   Level
 Mephitic Cloud           Conj/Pois/Air  5%         N/A       36%         3
 Stone Arrow              Conj/Erth      2%         3d7       56%         3
 Olgreb's Toxic Radiance  Pois           11%        N/A       45%         4
 Lehudib's Crystal Spear  Conj/Erth      0%         10d2      100%        8
 Animate Armour           Summ/Erth      Unusable   N/A       N/A         4

Dungeon Overview and Level Annotations

Branches:
Dungeon (2/15)

Altars:
Uskayaw

Annotations:
D:2 Crazy Yiuf


Innate Abilities, Weirdness & Mutations

Your plain brown scales are hard. (AC +5)
You cannot fit into any form of body armour.
You are cold-blooded and may be slowed by cold attacks.
You have a pair of small antennae on your head.


Message History

Aiming: Poisonous Vapours (safe; 12% risk of failure)
Press: ? - help, Dir - move target, f/p - Crazy Yiuf
Aim: Crazy Yiuf, wielding a +4 quarterstaff of chaos and wearing a +0 cloak (lightly wounded, poisoned) Poisonous vapours surround Crazy Yiuf!
Crazy Yiuf looks even sicker.
Crazy Yiuf hits you with a +4 quarterstaff of chaos.
You feel yourself slow down.
Unknown command.
Unknown command.
It was a potion of degeneration.
There was something very wrong with that liquid.
You feel weakened.
You feel dopey.
You feel clumsy.
Crazy Yiuf hits you with a +4 quarterstaff of chaos.
* * * LOW HITPOINT WARNING * * *
Unknown command.
Unknown command.
It was a potion of curing.
You feel better.
Crazy Yiuf hits you with a +4 quarterstaff of chaos!
* * * LOW HITPOINT WARNING * * *
Crazy Yiuf draws strength from your wounds!
Crazy Yiuf hits you but does no damage.
Unknown command.
Unknown command.
It was a potion of mutation.
You feel extremely strange. A pair of antennae grows on your head!
Crazy Yiuf barely misses you.
Unknown command.
Unknown command.
Unknown command.
Unknown command.
Casting: Poisonous Vapours (safe; 14% risk of failure)
Confirm with . or Enter, or press ? or * to list all spells.
Aiming: Poisonous Vapours (safe; 14% risk of failure)
Press: ? - help, Dir - move target, f/p - Crazy Yiuf
Aim: Crazy Yiuf, wielding a +4 quarterstaff of chaos and wearing a +0 cloak (severely wounded, very poisoned)
You miscast Poisonous Vapours.
You are very lightly contaminated with residual magic.
Nothing appears to happen.
Crazy Yiuf whimpers, "Mama bag unthinkable!"
Crazy Yiuf hits you with a +4 quarterstaff of chaos!
You die...

#.########[...#######
#.# #....# #.... #..
#....# ##### ###
####.# .... #.#######
#.#...... ###
####.#...... #)..###
##..#.#).....
#...g@####............
#...##..#......#......
### ###.#...###...[..
#########......
#........ ######### #
..


You could see Crazy Yiuf (poisoned).

Vanquished Creatures
  2 worms (D:2)
  2 dart slugs
  3 ball pythons
  8 goblins
  4 hobgoblins
  2 quokkas (D:1)
  3 bats
  2 kobolds
26 creatures vanquished.

Notes
Turn   | Place    | Note
-------+----------+-------------------------------------------
     0 | D:1      | Morbidden the Draconian Venom Mage began the quest for the
                  | Orb.
     0 | D:1      | Reached XP level 1. HP: 14/14 MP: 3/3
   421 | D:1      | Reached XP level 2. HP: 20/20 MP: 3/5
   803 | D:1      | Found a faded altar of an unknown god.
   849 | D:1      | Learned a level 2 spell: Poisonous Vapours
  1134 | D:2      | Reached XP level 3. HP: 26/26 MP: 4/6
  1226 | D:2      | Found a hide-covered altar of Uskayaw.
  1524 | D:2      | Found a runed translucent door.
  1525 | D:2      | Noticed Crazy Yiuf
  1622 | D:2      | Gained mutation: You have a pair of small antennae on your
                  | head. [potion of mutation]
  1623 | D:2      | Slain by Crazy Yiuf

Illustrated notes

Levels and vault maps discovered:
D:1:      lightli_arrival_isolated_outpost, layout_basic,
          chequers_ecumenical_altar_simple
D:2:      layout_basic, basic_altar, chequers_serial_rivers_micro_c,
          uniq_crazy_yiuf_cottage

Action                     || total
---------------------------++-------
  Melee: Unarmed           ||    33
         Tailslap          ||     7
         Punch             ||     1
  Throw: Dart              ||     3
   Cast: Sting             ||    46
         Poisonous Vapours ||     1
    Use: Potion            ||     3
   Stab: Sleeping          ||     1
 Armour: Skin              ||    17
  Dodge: Dodged            ||    35

Table legend: (Time is in decaauts)
 A = Elapsed time spent in this place.
 B = Non-inter-level travel time spent in this place.
 C = Inter-level travel time spent in this place.
 D = Time resting spent in this place.
 E = Time spent auto-exploring this place.
 F = Levels seen in this place.
 G = Mean time per level.
                   A        B        C        D        E       F      G
               +--------+--------+--------+--------+--------+-----+--------+
         Total |   1629 |   1541 |     88 |    156 |   1158 |   2 |  814.5 |
       Dungeon |   1629 |   1541 |     88 |    156 |   1158 |   2 |  814.5 |
               +--------+--------+--------+--------+--------+-----+--------+

Top non-repeatable levels by time:
     D:1: 1031 daAuts
     D:2: 597 daAuts
